 Dungeon Crawl Stone Soup version 0.27-a0-1612-gde56a17b89 (webtiles) character file.

Game seed: 8618826438153892442

52 siradein the Shield-Bearer (level 3, -4/28 HPs)
             Began as a Vampire Fighter on July 22, 2021.
             Killed from afar by Sigmund (9 damage)
             ... with a magic dart
             ... on level 2 of the Dungeon.
             The game lasted 00:03:15 (939 turns).

siradein the Shield-Bearer (Vampire Fighter)         Turns: 939, Time: 00:03:16

Health: -4/28      AC:  9    Str: 15    XL:     3   Next: 60%
Magic:  3/3        EV:  4    Int: 10    God:
Gold:   48         SH:  9    Dex: 14    Spells: 2/2 levels left

rFire    . . .     SeeInvis +   a - +0 long sword
rCold    . . .     Faith    .   c - +0 kite shield
rNeg     . . .     Spirit   .   h - +0 chain mail
rPois    .         Reflect  .   l - +0 helmet
rElec    .         Harm     .   (no cloak)
rCorr    .         Rampage  .   (no gloves)
Will     .....                  (no boots)
Stlth    ..........             (no amulet)
HPRegen  0.29/turn              (no ring)
MPRegen  0.08/turn              (no ring)

@: healing quickly
A: alive, fangs 3, see invisible, vampiric 2
a: Exsanguinate


You were on level 2 of the Dungeon.
You visited 1 branch of the dungeon, and saw 2 of its levels.

You collected 48 gold pieces.

Inventory:

Hand Weapons
 a - a +0 long sword (weapon)
Missiles
 m - 14 poisoned darts (quivered)
Armour
 c - a +0 kite shield (worn)
 h - a +0 chain mail (worn)
 l - a +0 helmet (worn)
Scrolls
 b - a scroll of holy word {unknown}
 g - a scroll of identify {unknown}
 i - a scroll of fear {unknown}
 j - a scroll of brand weapon {unknown}
Potions
 d - a potion of might
 e - 2 potions of haste {unknown}
 f - a potion of heal wounds {unknown}
 k - 2 potions of lignification {unknown}


   Skills:
 - Level 2.6 Fighting
 + Level 3.1 Long Blades
 - Level 2.4 Armour
 + Level 3.5 Shields


You had 2 spell levels left.
You didn't know any spells.
Your spell library contained the following spells:

 Spells                   Type           Power      Damage    Failure   Level
 Passwall                 Tmut/Erth      0%         N/A       100%        2
 Swiftness                Air            0%         N/A       100%        3
 Invisibility             Hex            0%         N/A       100%        6


Dungeon Overview and Level Annotations

Branches:
Dungeon (2/15)

Altars:

Annotations:
D:2 Sigmund


Innate Abilities, Weirdness & Mutations

Your natural rate of healing is accelerated.
You have razor-sharp teeth.
You have supernaturally acute eyesight. (SInv)
You are afflicted with vampirism and can become a bat while bloodless.


Message History

You closely miss Sigmund.
Sigmund is lightly wounded.
Sigmund completely misses you.
You riposte.
You closely miss Sigmund.
Sigmund is lightly wounded.
You hit Sigmund but do no damage.
Sigmund is lightly wounded.
You block Sigmund's attack. Sigmund hits you but does no damage.
You barely miss Sigmund.
Sigmund is lightly wounded.
Sigmund hits you with a +0 scythe.
You hit Sigmund but do no damage.
Sigmund is lightly wounded.
Sigmund points at you and mumbles some strange words.
You resist with some effort. Sigmund hits you but does no damage.
Your shield and chain mail prevent you from hitting Sigmund.
Sigmund is lightly wounded.
You block Sigmund's attack.
You slash Sigmund!
Sigmund is heavily wounded.
Sigmund hits you but does no damage. x2
You hit Sigmund.
Sigmund is heavily wounded.
You block Sigmund's attack.
You barely miss Sigmund.
Sigmund is heavily wounded.
Sigmund hits you with a +0 scythe.
You are too injured to fight recklessly!
You are too injured to fight recklessly!
You are too injured to fight recklessly!
You are too injured to fight recklessly!
You are too injured to fight recklessly!
You closely miss Sigmund.
Sigmund is heavily wounded.
Sigmund closely misses you. Sigmund hits you with a +0 scythe!
* * * LOW HITPOINT WARNING * * *
Sigmund hits you from afar with a +0 scythe.
* * * LOW HITPOINT WARNING * * *
Sigmund casts a spell at you. The magic dart hits you!
You die...

#.# #.# #.# . #.# #.#
#.# .## #.# #.# #.# ..#
#.# #.#### #.# #@#
#.#####.##.###.# #.#
###...........##.# #.#
#.<......(##.###.# #.#
#.######.......#.# #.#
#@# #.......#.#
#.#####.# #..........
#....##.# ##......#)#
####.##@#######.......#.
#............######.#
####....######## #.#
.......†.......# ##.#
#######.#..###.###...
#.#..# #.......


You could see Sigmund.

Vanquished Creatures
  2 adders (D:2)
  A dart slug (D:2)
  2 endoplasms
  2 giant cockroaches (D:1)
  2 goblins
  6 hobgoblins
  3 quokkas (D:1)
  2 bats
  6 kobolds
  3 rats
29 creatures vanquished.

Notes
Turn   | Place    | Note
-------+----------+-------------------------------------------
     0 | D:1      | siradein the Vampire Fighter began the quest for the Orb.
     0 | D:1      | Reached XP level 1. HP: 17/17 MP: 1/1
   103 | D:1      | Reached XP level 2. HP: 23/23 MP: 2/2
   618 | D:2      | Gained mutation: You are afflicted with vampirism and can
                  | become a bat while bloodless. [Vampire growth]
   618 | D:2      | Reached XP level 3. HP: 27/28 MP: 3/3
   909 | D:2      | Noticed Sigmund
   939 | D:2      | Killed from afar by Sigmund

Illustrated notes

Levels and vault maps discovered:
D:1:      giann_bridges, layout_basic
D:2:      layout_loops_ring, kennysheep_nondescript, uniq_robin, uniq_sigmund

Skill      XL: |  1  2  3 |
---------------+----------+-----
Shields        | 3 |  3.5
Long Blades    | 3 |  3.1
Fighting       | |  2.6
Armour         | |  2.4

Action                   || total
-------------------------++-------
Melee: Long sword        ||    91
       Bite              ||     7
Armor: Scale mail        ||     9
       Chain mail        ||    40
Dodge: Dodged            ||    26
Block: Kite shield       ||    44
       Rpst.: Long sword ||    11

Table legend: (Time is in decaauts)
 A = Elapsed time spent in this place.
 B = Non-inter-level travel time spent in this place.
 C = Inter-level travel time spent in this place.
 D = Time resting spent in this place.
 E = Time spent auto-exploring this place.
 F = Levels seen in this place.
 G = Mean time per level.
                   A        B        C        D        E       F      G
               +--------+--------+--------+--------+--------+-----+--------+
         Total |    986 |    947 |     39 |      5 |    681 |   2 |  493.0 |
       Dungeon |    986 |    947 |     39 |      5 |    681 |   2 |  493.0 |
               +--------+--------+--------+--------+--------+-----+--------+

Top non-repeatable levels by time:
     D:1: 577 daAuts
     D:2: 409 daAuts
